cohdb
Replays
Latest Replays
All Replays
Popular Replays
Top Player Replays
Match Explorer
How It Works
Community
CoH3 Stats
Reddit
Sign in to upload your games and track your stats! →
Sign in with Steam
Match 41792381
Unlisted
Match 41792381
Overview
Messages
Build Orders
End
Royal Engineer Section
Construct Section Command Post
Selects Heavy Armor Battlegroup
Infantry Section
Dingo Light Scout Car
Infantry Section
Construct Platoon Command Post
Selects Rigorous Vehicle Training
Selects Light Vehicle Withdraw and Refit
Construct Field Infirmary
Grenade Package
Humber Armored Car
Infantry Section
Selects Radio Net
Selects Designate Targets
6-pounder Anti-tank Gun Team
Unlock M3 Stuart Light Tanks
Vickers Machine Gun Team
M3 Stuart Light Tank
M3 Stuart Light Tank
M3 Stuart Light Tank
Selects Forward Repair Assembly
Construct Company Command Post
Foot Guards Section
BIOHAZARD
Selan
0
0
Comments
sign in to comment!
No comments posted yet!